 Dungeon Crawl Stone Soup version 0.23-a0-760-g92239d2 (webtiles) character file.

322 SmSkdm the Magician (level 6, 0/41 HPs)
             Began as a Kitsune Transmuter on May 9, 2019.
             Was an Initiate of Jiyva.
             Slain by a howler monkey (4 damage)
             ... on level 4 of the Dungeon.
             The game lasted 00:12:11 (4730 turns).

SmSkdm the Magician (Kitsune Transmuter)            Turns: 4730, Time: 00:12:11

Health: 0/41       AC:  3    Str:  9    XL:     6   Next: 76%
Magic:  12/12      EV: 12    Int: 17    God:    Jiyva [......]
Gold:   246        SH:  0    Dex: 16    Spells: 7/13 levels left

rFire    . . .     SeeInvis .     - Unarmed
rCold    . . .     Gourm    .   (no shield)
rNeg     . . .     Faith    .   b - +0 robe
rPois    .         Spirit   .   (helmet restricted)
rElec    .         Reflect  .   (no cloak)
rCorr    .         Harm     .   (no gloves)
MR       .....                  (no boots)
Stlth    +.........             (no amulet)
HPRegen  0.13/turn              f - ring of attention (curse)
MPRegen  0.13/turn              u - +1 ring of protection

@: exhausted
A: charm monsters, no helmets, claws 1
a: Charm Monsters, Renounce Religion


You were on level 4 of the Dungeon.
You worshipped Jiyva.
Jiyva was noncommittal.
You were very hungry.

You visited 2 branches of the dungeon, and saw 5 of its levels.

You collected 246 gold pieces.

Inventory:

Missiles
 a - 14 arrows
Armour
 b - a +0 robe (worn)
Magical Staves
 s - an uncursed staff of fire
Jewellery
 f - a cursed ring of attention (left claw)
 u - a +1 ring of protection (right claw)
Scrolls
 g - a scroll of magic mapping {unknown}
 i - a scroll of remove curse {unknown}
 j - 7 scrolls of identify {unknown}
 k - a scroll of enchant weapon {unknown}
 l - a scroll of noise {unknown}
 o - a scroll of teleportation {unknown}
 q - a scroll of amnesia {unknown}
 v - a scroll of blinking {unknown}
 w - a scroll of fear {unknown}
Potions
 c - 3 potions of curing {unknown}
 e - 3 potions of lignification {unknown}
 h - 2 potions of ambrosia {unknown}
 m - a potion of haste {unknown}
 n - a potion of agility {unknown}
 p - a potion of invisibility {unknown}
 r - 2 potions of degeneration {unknown}
 t - 2 potions of heal wounds {unknown}
Comestibles
 d - 8 rations


   Skills:
 + Level 2.5 Fighting
 + Level 1.7 Dodging
 + Level 0.5 Stealth
 + Level 3.9 Unarmed Combat
 + Level 4.1 Spellcasting
 + Level 4.0 Transmutations


You had 7 spell levels left.
You knew the following spells:

 Your Spells              Type           Power        Failure   Level  Hunger
a - Beastly Appendage     Tmut           ###...       3%          1    None
b - Sticks to Snakes      Tmut           ###.....     4%          2    ##.....
c - Spider Form           Tmut/Pois      ##........   21%         3    ###....

Your spell library contained the following spells:

 Spells                   Type           Power        Failure   Level  Hunger
 Ice Form                 Ice/Tmut       ##......     56%         4    ####...
 Blade Hands              Tmut           ###.......   63%         5    ######.


Dungeon Overview and Level Annotations

Branches:
Dungeon (4/15)             Temple (1/1) D:4

Altars:
Ashenzari
Cheibriados
Gozag
Sif Muna
Trog
The Shining One
Jiyva


Innate Abilities, Weirdness & Mutations

You can charm monsters.
You have fox ears (no helmets).
You have sharp fingernails.


Message History

The howler monkey barely misses you.
You completely miss the howler monkey. Your kick misses the howler monkey.
The howler monkey is severely wounded.
Your talons disappear.
The howler monkey hoots and howls with incredible vigour!
You hear an angry hiss.
You barely miss the howler monkey.
The howler monkey is severely wounded.
The howler monkey hits you!
* * * LOW HITPOINT WARNING * * *
You barely miss the howler monkey.
The howler monkey is severely wounded.
The howler monkey hits you!
* * * LOW HITPOINT WARNING * * *
You aren't carrying any items that you can evoke.
You scratch the howler monkey.
The howler monkey is almost dead.
The howler monkey hoots and howls with incredible vigour!
The howler monkey hits you.
You die...

###....#........###.### #.#
###....###..............###.#
#......# ##............###..#
#..##### ##..........## #.##
#...# #....###..## #.#
...#.### #.#...###.### #.#
####...######.##.. #...###.#
###..##.>..##.# ###..##.#
##....#####@# ##....#
.####..#### #h# ###..#
...........###.###..# #..#
......####..........# #..#
[..... #.........#### #<.#
...... #.........# ##.#
...... #.........# ... .#####
#.........# ... ......<.)..#
...


You could see a howler monkey.

Vanquished Creatures
  A centaur skeleton (D:4)
  An orc priest (Temple)
  An iguana (D:2)
  A worker ant (D:4)
  6 adders
  5 oozes
  4 worms (D:2)
  3 dart slugs
  6 leopard geckos
  7 orcs
  8 giant cockroaches
  6 goblins
  6 hobgoblins
  3 jackals
  A quokka (D:2)
  9 bats
  9 frilled lizards
  5 kobolds
  8 rats
90 creatures vanquished.

Vanquished Creatures (collateral kills)
  An iguana (D:4)
  An adder (D:2)
  A worm (D:3)
  A jackal (D:1)
4 creatures vanquished.

Grand Total: 94 creatures vanquished

Notes
Turn   | Place    | Note
-------+----------+-------------------------------------------
     0 | D:1      | SmSkdm the Kitsune Transmuter began the quest for the Orb.
     0 | D:1      | Reached XP level 1. HP: 12/12 MP: 3/3
   220 | D:1      | Reached skill level 1 in Fighting
   225 | D:1      | Reached XP level 2. HP: 6/18 MP: 5/5
   595 | D:1      | Reached XP level 3. HP: 6/23 MP: 7/7
  1873 | D:1      | Reached XP level 4. HP: 24/28 MP: 8/8
  1995 | D:2      | Learned a level 2 spell: Sticks to Snakes
  2001 | D:2      | Learned a level 3 spell: Spider Form
  2414 | D:2      | Reached XP level 5. HP: 34/34 MP: 10/10
  3731 | D:3      | Reached XP level 6. HP: 34/39 MP: 9/11
  4144 | D:4      | HP: 1/39 [iguana (13)]
  4526 | D:4      | Found an opulent altar of Gozag.
  4604 | D:4      | Found a staircase to the Ecumenical Temple.
  4612 | Temple   | Entered the Ecumenical Temple
  4678 | Temple   | Became a worshipper of Jiyva Jethergh the Shapeless
  4730 | D:4      | Slain by a howler monkey

Vault maps used:
D:1:      dpeg_arrival_rooms_b, kennysheep_decorative_pillar, item_on_display_a
D:2:      lemuel_another_geyser
D:3:      kennysheep_six_static_rooms
D:4:      grunt_gozag_statues, minmay_temple_entry_proselytizer
Temple:   pf_slime_end_temple

Skill      XL: |  1  2  3  4  5  6 |
---------------+-------------------+-----
Fighting       | 1 2 |  2.5
Unarmed Combat | 3 |  3.9
Spellcasting   | 3 4 |  4.1
Transmutations | 3 4 |  4.0
Dodging        | |  1.7
Stealth        | |  0.5

Action                   |  1- 3 |  4- 6 || total
-------------------------+-------+-------++-------
Melee: Unarmed           |   130 |   217 ||   347
       Headbutt          |     2 |       ||     2
       Kick              |     1 |     7 ||     8
       Punch             |       |     1 ||     1
 Cast: Beastly Appendage |     2 |     4 ||     6
       Spider Form       |       |     9 ||     9
       Sticks to Snakes  |       |     7 ||     7
 Abil: Charm Monsters    |     4 |    10 ||    14
 Stab: Betrayed ally     |     1 |     3 ||     4
       Distracted        |       |     1 ||     1
  Eat: Chunk             |     3 |     6 ||     9
       Ration            |       |     1 ||     1
Armor: Robe              |    41 |    25 ||    66
       Skin              |       |     1 ||     1
Dodge: Dodged            |   100 |   106 ||   206

Table legend:
 A = Non-vault XP
 B = Vault XP
 C = Vault XP percentage of total XP
 D = Non-vault monster count
 E = Vault monster count
 F = Vault count percentage of total count
                 A         B        C        D         E       F
            +---------+---------+-------+---------+---------+-------
      Total |     408 |      53 |  11.5 |      87 |       7 |   7.4
            +---------+---------+-------+---------+---------+-------
        D:1 |      69 |       0 |   0.0 |      30 |       0 |   0.0
        D:2 |     147 |       0 |   0.0 |      29 |       0 |   0.0
        D:3 |      81 |      12 |  12.9 |      23 |       6 |  20.7
        D:4 |     111 |       0 |   0.0 |       5 |       0 |   0.0
     Temple |       0 |      41 | 100.0 |       0 |       1 | 100.0
            +---------+---------+-------+---------+---------+-------
